[Event "November 21 Early 2023"]
[Site "https://www.chess.com"]
[Date "2023.11.21"]
[Round "1"]
[White "Zampronha, Wladimir Camilo"]
[Black "Manukian, Artak"]
[Result "0-1"]
[Board "182"]
[TimeControl "180+1"]
[WhiteFideId "2103087"]
[BlackFideId "13301373"]
[WhiteElo "2055"]
[BlackElo "2030"]
[WhiteTeam "BRA"]
[BlackTeam "ARM"]
[WhiteClock "0:00:58"]
[BlackClock "0:01:01"]

1. e4 c6 2. d4 d5 3. e5 Bf5 4. Nf3 e6 5. Be2 c5 6. Be3 Qb6 7. Nc3 Qxb2 8. Nb5 Na6 9. dxc5 Bxc2 10. Qc1 Qxc1+ 11. Rxc1 Bg6 12. O-O Kd7 13. Nd6 Ne7 14. Bxa6 bxa6 15. Nd4 Nc6 16. Nxc6 Kxc6 17. Rc3 Be7 18. Ra3 Rhb8 19. Rxa6+ Kc7 20. c6 Bd3 21. Rxa7+ Rxa7 22. Bxa7 Ra8 23. Rd1 Rxa7 24. Rxd3 Rxa2 25. g3 Bxd6 26. exd6+ Kxc6 27. Rb3 Ra7 28. Rb8 Kxd6 29. Rh8 h6 30. Rh7 f6 0-1

[Event "November 21 Early 2023"]
[Site "https://www.chess.com"]
[Date "2023.11.21"]
[Round "1"]
[White "Kim, Sergey"]
[Black "Hoffmann, Asa"]
[Result "0-1"]
[Board "183"]
[TimeControl "180+1"]
[WhiteFideId "13700570"]
[BlackFideId "2001470"]
[WhiteElo "2592"]
[BlackElo "2117"]
[WhiteTeam "KAZ"]
[BlackTeam "USA"]
[WhiteClock "0:00:21"]
[BlackClock "0:00:59"]

1. d4 Nf6 2. c4 c5 3. d5 e5 4. Nc3 d6 5. e4 Be7 6. g3 O-O 7. Bg2 Na6 8. Nge2 Ne8 9. O-O Bd7 10. f4 Bf6 11. Be3 Nec7 12. a4 Nb4 13. Qd2 b6 14. h3 a6 15. g4 exf4 16. Nxf4 Qe7 17. Nh5 Be5 18. Bg5 f6 19. Bf4 b5 20. b3 bxc4 21. bxc4 Rab8 22. Rab1 Na8 23. Ng3 Nb6 24. Nf5 Bxf5 25. exf5 Nxc4 26. Qe2 Bd4+ 27. Kh1 Qxe2 28. Nxe2 Nd3 29. Nxd4 cxd4 30. Bg3 Ne3 31. Be4 Nxf1 32. Rxf1 Ne5 33. Rd1 Rb3 34. Kg2 d3 35. Bxe5 fxe5 36. Bxd3 Rc8 37. Bxa6 Rc2+ 38. Kg1 Rg3+ 39. Kf1 Rxh3 40. Kg1 Rg3+ 41. Kf1 Rxg4 42. Bb5 Rf4+ 43. Ke1 Rh4 44. a5 Rh1+ 45. Bf1 Ra2 46. Rb1 Kf7 47. a6 Rxa6 48. Kf2 Ra2+ 49. Ke3 Kf6 50. Rb6 Rxf1 0-1

[Event "November 21 Early 2023"]
[Site "https://www.chess.com"]
[Date "2023.11.21"]
[Round "1"]
[White "Rose, Felix"]
[Black "Vestby-Ellingsen, Mads"]
[Result "0-1"]
[Board "184"]
[TimeControl "180+1"]
[WhiteFideId "5105722"]
[BlackFideId "1520857"]
[WhiteElo "2039"]
[BlackElo "2241"]
[WhiteTeam "MEX"]
[BlackTeam "NOR"]
[WhiteClock "0:01:56"]
[BlackClock "0:01:35"]

1. e4 e5 2. Nf3 Nc6 3. Bb5 a6 4. Ba4 Nge7 5. O-O g6 6. d4 exd4 7. Nxd4 Bg7 8. Bxc6 Nxc6 9. Nxc6 bxc6 10. c3 O-O 11. f3 d5 12. Qc2 Be6 13. Rd1 Qe7 14. Nd2 f5 15. exf5 Bxf5 16. Qa4 Qc5+ 17. Kh1 Rfe8 18. Nb3 Qf2 19. Bf4 Re2 20. Rg1 Bh3 21. gxh3 Qxf3+ 0-1

[Event "November 21 Early 2023"]
[Site "https://www.chess.com"]
[Date "2023.11.21"]
[Round "1"]
[White "Toropov, Pavel"]
[Black "Bobomurodova, Maftuna"]
[Result "0-1"]
[Board "185"]
[TimeControl "180+1"]
[WhiteFideId "24129178"]
[BlackFideId "14207400"]
[WhiteElo "2182"]
[BlackElo "1814"]
[WhiteTeam "RUS"]
[BlackTeam "UZB"]
[WhiteClock "0:00:17"]
[BlackClock "0:01:01"]

1. e4 e5 2. Nf3 Nc6 3. d4 exd4 4. Nxd4 Nf6 5. Nc3 Bb4 6. Nxc6 bxc6 7. Bd3 d5 8. exd5 cxd5 9. O-O O-O 10. Bg5 c6 11. Qf3 Be7 12. h3 Re8 13. Rfe1 h6 14. Bf4 Be6 15. b3 Bd6 16. Na4 Rb8 17. Re2 c5 18. Rd1 Qc7 19. Bxh6 c4 20. Bf5 Bxf5 21. Rxe8+ Nxe8 22. Qxf5 gxh6 23. Rxd5 Rd8 24. Qg4+ Ng7 25. bxc4 Be7 26. Nc3 Bf6 27. Ne4 Be5 28. f4 Bd4+ 29. Kh2 f5 30. Qh4 Rxd5 31. cxd5 fxe4 32. Qxh6 Be3 33. g3 Qxc2+ 34. Kh1 Qd1+ 35. Kg2 Qe2+ 0-1

[Event "November 21 Early 2023"]
[Site "https://www.chess.com"]
[Date "2023.11.21"]
[Round "1"]
[White "AndresDelgado77"]
[Black "Skatchkov, Valery"]
[Result "0-1"]
[Board "186"]
[TimeControl "180+1"]
[BlackFideId "24195812"]
[WhiteElo "2295"]
[BlackElo "2320"]
[BlackTeam "RUS"]
[WhiteClock "0:00:00"]
[BlackClock "0:00:30"]

1. e4 e5 2. Nc3 Nf6 3. d4 exd4 4. Qxd4 Nc6 5. Qc4 Nb4 6. Qb3 d5 7. a3 d4 8. axb4 dxc3 9. Bc4 Qe7 10. f3 cxb2 11. Bxb2 Qxb4+ 12. Bc3 Qxb3 13. Bxb3 Be7 14. g4 O-O 15. h4 Be6 16. h5 h6 17. Ne2 Bxb3 18. cxb3 Rfd8 19. Nd4 Bb4 20. Bxb4 Rxd4 21. Bc5 Rd3 22. Ke2 Rad8 23. Be3 Rxb3 24. Rhd1 Rxd1 25. Rxd1 Kf8 26. Bxa7 b6 27. Bb8 Rc3 28. Rd8+ Ke7 29. Rc8 Ne8 0-1

[Event "November 21 Early 2023"]
[Site "https://www.chess.com"]
[Date "2023.11.21"]
[Round "1"]
[White "Tharushi, T H D Niklesha"]
[Black "WindWhistler11"]
[Result "0-1"]
[Board "188"]
[TimeControl "180+1"]
[WhiteFideId "9918264"]
[WhiteElo "1577"]
[BlackElo "2584"]
[WhiteTeam "SRI"]
[WhiteClock "0:01:08"]
[BlackClock "0:00:36"]

1. e4 e6 2. d4 d5 3. Nc3 Bb4 4. exd5 exd5 5. Bd3 Ne7 6. Ne2 Nbc6 7. O-O Bg4 8. f3 Bh5 9. a3 Ba5 10. Nf4 Bg6 11. Be3 O-O 12. Bxg6 hxg6 13. b4 Bb6 14. Nce2 Nf5 15. Bf2 Re8 16. g4 Ne3 17. Bxe3 Rxe3 18. Qd2 Qe8 19. c3 g5 20. Nxd5 Rxe2 21. Qxg5 Qe6 22. Nf4 Qe3+ 23. Kh1 f6 24. Qd5+ Kh7 25. Nxe2 Qxe2 26. Rae1 Qd3 27. Qe4+ Qxe4 28. Rxe4 a5 29. b5 Na7 30. a4 Rd8 31. Rfe1 Nc8 32. Re8 Rxe8 33. Rxe8 Nd6 34. Re2 Kg6 35. Kg2 Nc4 36. f4 Kf7 37. Kf3 g6 38. Ke4 Nd6+ 39. Kd5 f5 40. gxf5 gxf5 41. c4 Ne4 42. Re3 Nf6+ 43. Ke5 Ng4+ 44. Kxf5 Nxe3+ 45. Ke4 Nxc4 46. h4 Nb2 47. h5 Nxa4 48. h6 Kg6 49. Ke5 Kxh6 50. f5 Kg7 51. d5 Bc5 52. Ke6 Bd6 53. f6+ Kf8 54. f7 Nb6 55. Kf6 Nxd5+ 56. Ke6 Nb6 57. Kf6 a4 58. Ke6 a3 59. Kf6 a2 60. Ke6 Bb4 61. Kf6 a1=Q+ 62. Kg6 Qg1+ 63. Kh6 Qh2+ 64. Kg6 Qg3+ 65. Kh6 Qf4+ 66. Kg6 Nc8 67. Kh7 Be7 68. Kh8 Bf6+ 69. Kh7 Qg5 70. b6 Qg7# 0-1

[Event "November 21 Early 2023"]
[Site "https://www.chess.com"]
[Date "2023.11.21"]
[Round "1"]
[White "gueraumasague"]
[Black "Cardozo Munar, Carlos Eduardo"]
[Result "1-0"]
[Board "189"]
[TimeControl "180+1"]
[BlackFideId "4409477"]
[WhiteElo "2584"]
[BlackElo "2067"]
[BlackTeam "COL"]
[WhiteClock "0:01:41"]
[BlackClock "0:01:59"]

1. e4 e6 2. Qe2 d5 3. exd5 Qxd5 4. Nc3 Qa5 5. Nf3 Nf6 6. g3 Nbd7 7. Bg2 c6 8. O-O h5 9. d4 Bd6 10. Rd1 a6 11. Bg5 Qf5 12. h4 Nf8 13. Ne5 N8h7 14. Ne4 Nxg5 15. Nxd6+ 1-0

[Event "November 21 Early 2023"]
[Site "https://www.chess.com"]
[Date "2023.11.21"]
[Round "1"]
[White "Pumpkin_in_moonlight"]
[Black "Dilmukhametov, Artur"]
[Result "1-0"]
[Board "190"]
[TimeControl "180+1"]
[BlackFideId "24179922"]
[WhiteElo "2286"]
[BlackElo "2176"]
[BlackTeam "RUS"]
[WhiteClock "0:00:03"]
[BlackClock "0:00:00"]

1. e4 c6 2. Nc3 d5 3. Nf3 Bg4 4. h3 Bxf3 5. Qxf3 e6 6. Be2 Nf6 7. O-O Be7 8. Rd1 O-O 9. d4 dxe4 10. Nxe4 Nbd7 11. Bf4 Nxe4 12. Qxe4 Nf6 13. Qf3 Qb6 14. b3 Rfd8 15. c3 Nd5 16. Be5 Bf6 17. Bxf6 Nxf6 18. Bd3 Qc7 19. Rac1 a5 20. a4 Qb6 21. Bc2 Rac8 22. Qe3 Qc7 23. c4 c5 24. dxc5 Rxd1+ 25. Rxd1 h6 26. Be4 Nxe4 27. Qxe4 Qxc5 28. Qxb7 Rc7 29. Qb5 Qa7 30. Rd8+ Kh7 31. Qe8 Qb6 32. Rb8 Qd6 33. Qd8 Qe5 34. Qg8+ Kg6 35. Qd8 Qe1+ 36. Kh2 Qe5+ 37. g3 Rc5 38. Qd3+ 1-0

[Event "November 21 Early 2023"]
[Site "https://www.chess.com"]
[Date "2023.11.21"]
[Round "1"]
[White "Demin, Vladimir"]
[Black "Nekoo04"]
[Result "0-1"]
[Board "191"]
[TimeControl "180+1"]
[WhiteFideId "4167457"]
[WhiteElo "2583"]
[BlackElo "2277"]
[WhiteTeam "RUS"]
[WhiteClock "0:00:00"]
[BlackClock "0:00:02"]

1. d4 d5 2. Nc3 Nf6 3. Bf4 c5 4. e4 e6 5. e5 Nfd7 6. Nf3 Nc6 7. Nb5 a6 8. Nd6+ Bxd6 9. exd6 Qb6 10. Bd3 cxd4 11. O-O e5 12. Nxe5 Ncxe5 13. Bxe5 Nxe5 14. Re1 Qxd6 15. Qh5 g6 16. Rxe5+ Be6 17. Qg5 O-O 18. Qf6 Qd8 19. Qf3 Qb6 20. b3 Rae8 21. Rae1 Qa5 22. h4 Bd7 23. h5 Qxe1+ 24. Rxe1 Rxe1+ 25. Kh2 Re5 26. g4 Rg5 27. Qf6 h6 28. f3 gxh5 29. Qxh6 Rg7 30. Qxh5 Re8 31. Qxd5 Bc6 32. Qf5 Re3 33. g5 Rg6 34. f4 Rge6 35. Qc5 Re1 36. Qxd4 R6e3 37. Qd8+ Kg7 38. Qf6+ Kf8 39. Qd8+ Kg7 40. Qd4+ Kf8 41. Bf1 Re4 42. Qh8+ Ke7 43. Qf6+ Ke8 44. Bc4 Re7 45. Qh8+ Kd7 46. Qd4+ Kc7 47. Kg3 R7e3+ 48. Kg4 Bd7+ 49. f5 Re4+ 50. Qxe4 Rxe4+ 51. Kf3 Bxf5 52. Bxf7 Re7 53. g6 Bxc2 54. Kf4 Bb1 55. Kg5 Re1 56. Bc4 Bxg6 0-1

[Event "November 21 Early 2023"]
[Site "https://www.chess.com"]
[Date "2023.11.21"]
[Round "1"]
[White "Malikova777"]
[Black "NelsonLinda"]
[Result "0-1"]
[Board "192"]
[TimeControl "180+1"]
[WhiteElo "2275"]
[BlackElo "2582"]
[WhiteClock "0:00:00"]
[BlackClock "0:01:30"]

1. d4 Nf6 2. c4 c5 3. d5 b5 4. cxb5 a6 5. bxa6 e6 6. Nc3 exd5 7. Nxd5 Be7 8. Nf3 O-O 9. g3 Rxa6 10. Bg2 Bb7 11. Nxe7+ Qxe7 12. O-O d5 13. Bg5 Nbd7 14. Qb3 Rb6 15. Qc2 h6 16. Bf4 Ra8 17. a4 Ba6 18. Rfe1 Bc4 19. Nd2 Ba6 20. e4 Re8 21. a5 Re6 22. Bh3 Rc6 23. Qa4 Bb7 24. exd5 Qxe1+ 25. Rxe1 Rxe1+ 26. Kg2 Nxd5 27. Bxd7 Nxf4+ 28. gxf4 Rd6+ 29. Nf3 Rg6+ 30. Kh3 Bxf3 31. Bf5 Bg2+ 32. Kh4 Rf6 33. Bh3 Re4 34. Bxg2 Rxa4 0-1

[Event "November 21 Early 2023"]
[Site "https://www.chess.com"]
[Date "2023.11.21"]
[Round "1"]
[White "Bettalli, Francesco"]
[Black "Minina, Veronika"]
[Result "1-0"]
[Board "193"]
[TimeControl "180+1"]
[WhiteFideId "2816453"]
[BlackFideId "4174780"]
[WhiteElo "2226"]
[BlackElo "1905"]
[WhiteTeam "ITA"]
[BlackTeam "RUS"]
[WhiteClock "0:01:42"]
[BlackClock "0:00:00"]

1. d4 Nf6 2. Nf3 g6 3. b3 Bg7 4. Bb2 O-O 5. e3 c5 6. Nbd2 Nc6 7. Bd3 cxd4 8. exd4 d5 9. O-O Bg4 10. h3 Bxf3 11. Nxf3 Ne4 12. Qe2 Qb6 13. Bxe4 dxe4 14. Qxe4 e6 15. Rad1 Rad8 16. c4 Rd7 17. Rd2 Rfd8 18. Rfd1 Qb4 19. Qe3 a5 20. Bc3 Qb6 21. h4 Nb4 22. h5 a4 23. a3 Nc6 24. b4 Qc7 25. hxg6 hxg6 26. d5 exd5 27. cxd5 Ne7 28. Bxg7 Kxg7 29. d6 Rxd6 30. Rxd6 1-0

[Event "November 21 Early 2023"]
[Site "https://www.chess.com"]
[Date "2023.11.21"]
[Round "1"]
[White "cycygogne"]
[Black "Predator0608"]
[Result "0-1"]
[Board "194"]
[TimeControl "180+1"]
[WhiteElo "2274"]
[BlackElo "2579"]
[WhiteClock "0:00:15"]
[BlackClock "0:00:12"]

1. Nf3 d5 2. b3 Nf6 3. Bb2 e6 4. e3 Be7 5. Be2 O-O 6. O-O c5 7. Ne5 Nc6 8. f4 Ne4 9. d3 Nd6 10. Nd2 f6 11. Nxc6 bxc6 12. e4 Qc7 13. Kh1 Bd7 14. Qe1 Rab8 15. Qg3 a5 16. a4 Kh8 17. Rae1 Rb4 18. Bc3 Rbb8 19. Bg4 Rf7 20. Qh3 d4 21. Bb2 f5 22. Bh5 Rff8 23. Ba3 Nb7 24. Bg6 h6 25. exf5 Nd8 26. Nc4 Bd6 27. Ne5 exf5 28. Bh5 Kg8 29. Ng6 Rf6 30. Qg3 Ne6 31. Bb2 Be8 32. Re2 Bxg6 33. Bxg6 Nxf4 34. Rxf4 Bxf4 35. Qf2 Rxg6 36. g3 Be3 37. Qxf5 Rf6 38. Qe4 Rbf8 39. Re1 Rf1+ 40. Rxf1 Rxf1+ 41. Kg2 Rg1+ 42. Kh3 Qd7+ 43. g4 Qf7 44. Qxc6 Qf1+ 45. Kh4 Bg5+ 46. Kh5 Qf7+ 0-1

[Event "November 21 Early 2023"]
[Site "https://www.chess.com"]
[Date "2023.11.21"]
[Round "1"]
[White "Manukyan, Sargis A."]
[Black "Andersson, Bjorn 1971"]
[Result "1-0"]
[Board "195"]
[TimeControl "180+1"]
[WhiteFideId "13303970"]
[BlackFideId "1702114"]
[WhiteElo "2204"]
[BlackElo "2172"]
[WhiteTeam "ARM"]
[BlackTeam "SWE"]
[WhiteClock "0:01:42"]
[BlackClock "0:02:32"]

1. d4 c5 2. d5 g6 3. c4 Bg7 4. Nc3 Na6 5. Nf3 d6 6. g3 Bd7 7. Bg2 Nc7 8. O-O a6 9. a4 b5 10. axb5 axb5 11. Rxa8 Qxa8 12. cxb5 Nxb5 13. Bd2 Nf6 14. Nxb5 Bxb5 15. Bc3 O-O 16. Nh4 Bc4 17. b3 Bxd5 18. Bxf6 Bxg2 19. Bxg7 Bxf1 20. Bxf8 Bh3 21. Bxe7 Kg7 22. Bxd6 g5 23. Nf3 g4 24. Nh4 Qa3 25. Be5+ f6 26. Qd7+ Kf8 27. Bd6+ Kg8 28. Qe8+ Kg7 29. Nf5# 1-0

[Event "November 21 Early 2023"]
[Site "https://www.chess.com"]
[Date "2023.11.21"]
[Round "1"]
[White "Bommini Mounika Akshaya"]
[Black "Streltsov, Alexey"]
[Result "0-1"]
[Board "196"]
[TimeControl "180+1"]
[WhiteFideId "25019872"]
[BlackFideId "24104434"]
[WhiteElo "2073"]
[BlackElo "2311"]
[WhiteTeam "IND"]
[BlackTeam "ISR"]
[WhiteClock "0:00:03"]
[BlackClock "0:00:37"]

1. d4 d5 2. Bf4 c5 3. e3 Nc6 4. c3 Bf5 5. Nd2 e6 6. Ngf3 Nf6 7. h3 cxd4 8. exd4 h6 9. Be2 Bd6 10. Ne5 Qc7 11. Ndf3 Nd7 12. Nxc6 Bxf4 13. Nb4 O-O-O 14. Nd3 Bd6 15. O-O Kb8 16. Qb3 g5 17. Nd2 g4 18. hxg4 Bxd3 19. Bxd3 Rdg8 20. Be2 h5 21. gxh5 Nf6 22. Rfe1 Nxh5 23. Bxh5 Rxh5 24. Nf3 Qe7 25. c4 Qf6 26. Qe3 Qg6 27. g3 Bxg3 28. Kf1 Rh1+ 29. Ke2 Qc2+ 30. Qd2 Qxc4+ 31. Qd3 Qxd3+ 32. Kxd3 Rxe1 33. Rxe1 Bxf2 34. Rf1 Bg3 35. Rg1 Rg7 36. Ke3 Kc7 37. Rg2 Kd6 38. Rg1 b5 39. Ke2 f6 40. Ke3 e5 41. dxe5+ fxe5 42. Ke2 d4 43. Nh4 Ke6 44. Nf3 Kf6 45. Nd2 Bf4 46. Ne4+ Kf7 47. Nd6+ Kf8 48. Rxg7 Kxg7 49. Nxb5 e4 50. Nxd4 Kf6 51. Nc6 a6 52. Nb4 a5 53. Nc6 Bc7 54. a3 Ke6 55. Ke3 Kd5 56. Nxa5 Bxa5 57. b4 Bb6+ 58. Ke2 Kc4 59. Kd2 Kb3 60. Ke2 Kxa3 0-1

[Event "November 21 Early 2023"]
[Site "https://www.chess.com"]
[Date "2023.11.21"]
[Round "1"]
[White "ChainedDowntohell"]
[Black "Martin, Lewis"]
[Result "1-0"]
[Board "197"]
[TimeControl "180+1"]
[BlackFideId "410551"]
[WhiteElo "2578"]
[BlackElo "2145"]
[BlackTeam "ENG"]
[WhiteClock "0:00:35"]
[BlackClock "0:01:06"]

1. d4 d5 2. c4 c6 3. Nf3 Nf6 4. e3 e6 5. Bd3 dxc4 6. Bxc4 b5 7. Be2 Nbd7 8. a4 b4 9. O-O Bd6 10. Nbd2 O-O 11. e4 c5 12. e5 cxd4 13. exd6 e5 14. Nc4 Re8 15. Bg5 Ba6 16. Re1 Rc8 17. Ncxe5 Bxe2 18. Rxe2 Nxe5 19. Rxe5 Qxd6 20. Qxd4 Red8 21. Qxd6 Rxd6 22. Rae1 h6 23. Bxf6 gxf6 24. Re8+ Rxe8 25. Rxe8+ Kg7 26. g3 a5 27. Rb8 Rd1+ 28. Kg2 Rb1 29. Rb5 Rxb2 30. Rxa5 Ra2 31. Nd4 Kg6 32. h4 h5 33. Nc6 b3 34. Rb5 Rxa4 35. Rxb3 Rc4 36. Rb6 Rc2 37. Ne7+ Kg7 38. Rb5 Kh6 39. Rf5 Kg7 40. Rxh5 Re2 41. Nd5 Kg6 42. Nf4+ Kg7 43. Nxe2 1-0

[Event "November 21 Early 2023"]
[Site "https://www.chess.com"]
[Date "2023.11.21"]
[Round "1"]
[White "Witty_Alien"]
[Black "GatoRojo150"]
[Result "0-1"]
[Board "198"]
[TimeControl "180+1"]
[WhiteElo "2270"]
[BlackElo "2572"]
[WhiteClock "0:00:01"]
[BlackClock "0:01:15"]

1. e4 e5 2. d4 exd4 3. c3 Ne7 4. cxd4 d5 5. e5 c5 6. f4 Nf5 7. Nf3 Nc6 8. Bb5 cxd4 9. O-O Bc5 10. b4 Bb6 11. Nbd2 h5 12. Bb2 h4 13. Bd3 Ne3 14. Qe2 h3 15. g3 Nxf1 16. Rxf1 Bg4 17. a3 Qe7 18. f5 O-O-O 19. b5 Na5 20. e6 fxe6 21. Qe5 Bc7 22. Rc1 Kb8 23. Rxc7 Qxc7 24. Qxd4 exf5 25. Qb4 Rhe8 26. Bd4 Nc4 27. Nxc4 dxc4 28. Ne5 Rxd4 29. Nc6+ bxc6 30. bxc6+ Qb6 31. c7+ Kxc7 0-1

[Event "November 21 Early 2023"]
[Site "https://www.chess.com"]
[Date "2023.11.21"]
[Round "1"]
[White "Morgunov, Marc"]
[Black "Nissinen, Niilo Man"]
[Result "0-1"]
[Board "199"]
[TimeControl "180+1"]
[WhiteFideId "1640305"]
[BlackFideId "30950767"]
[WhiteElo "2371"]
[BlackElo "1854"]
[WhiteTeam "AUT"]
[BlackTeam "HKG"]
[WhiteClock "0:00:22"]
[BlackClock "0:00:07"]

1. e4 c5 2. Nf3 Nc6 3. d4 cxd4 4. Nxd4 Nf6 5. Nc3 e5 6. Ndb5 d6 7. Nd5 Nxd5 8. exd5 Nb8 9. a4 Be7 10. Be2 O-O 11. O-O f5 12. Bd2 a6 13. Na3 e4 14. Nc4 Nd7 15. a5 f4 16. Bb4 Nf6 17. Qd4 Bf5 18. Nb6 Rb8 19. c4 Nd7 20. Nxd7 Qxd7 21. Bc3 Bf6 22. Qd2 Bxc3 23. Qxc3 g5 24. f3 e3 25. Rfd1 Qg7 26. Qxg7+ Kxg7 27. b4 Rfc8 28. Rac1 b6 29. axb6 Rxb6 30. c5 Rxb4 31. c6 Rc7 32. Bxa6 Rb2 33. g3 g4 34. fxg4 Bxg4 35. gxf4 Bxd1 36. Rxd1 Kf6 37. Bd3 Rg7+ 38. Kh1 Rd2 39. Rxd2 exd2 40. Bc2 Ra7 41. Kg2 Ra2 42. Bd1 Ke7 43. Kf3 Ra3+ 44. Ke2 Rh3 45. Kxd2 Rxh2+ 46. Ke3 Rh3+ 47. Ke4 Kd8 48. Kf5 Rd3 49. Bc2 Rxd5+ 50. Ke6 Rc5 51. Be4 Kc7 52. f5 Re5+ 53. Kf6 Rxe4 54. Kg5 d5 55. f6 Re1 56. Kf5 Rf1+ 57. Ke5 Rxf6 58. Kxf6 d4 59. Kg5 d3 60. Kf4 d2 61. Ke3 d1=Q 62. Kf4 Qd6+ 63. Kg4 Qg6+ 64. Kf4 Kxc6 65. Ke3 h5 0-1

[Event "November 21 Early 2023"]
[Site "https://www.chess.com"]
[Date "2023.11.21"]
[Round "1"]
[White "Rutten, Alexander"]
[Black "Chen, Justin"]
[Result "0-1"]
[Board "200"]
[TimeControl "180+1"]
[WhiteFideId "1052063"]
[BlackFideId "2098199"]
[WhiteElo "2124"]
[BlackElo "2289"]
[WhiteTeam "NED"]
[BlackTeam "USA"]
[WhiteClock "0:00:19"]
[BlackClock "0:00:04"]

1. e4 e5 2. Nf3 Nc6 3. Bb5 f5 4. d3 d6 5. Nc3 Nf6 6. Bg5 Be7 7. O-O O-O 8. Bxc6 bxc6 9. Re1 Kh8 10. d4 fxe4 11. Nxe4 Nxe4 12. Bxe7 Qxe7 13. Rxe4 Bf5 14. Re3 e4 15. Nd2 Rae8 16. Nf1 Qh4 17. Qd2 Bg6 18. Rh3 Qf6 19. Re1 Re7 20. Ne3 Ref7 21. Rf1 Qg5 22. Rg3 Qb5 23. c4 Qa4 24. b3 Qa3 25. d5 c5 26. Nd1 Kg8 27. Nc3 a6 28. Re3 Rf4 29. Rfe1 Rxf2 30. Qxf2 Rxf2 31. Kxf2 h6 32. Nxe4 Bxe4 33. Rxe4 Qxa2+ 34. Kg3 Qxb3+ 35. R1e3 Qc2 36. Rg4 Kf7 37. Rf3+ Kg8 38. Re3 a5 39. Re7 Qc3+ 40. Kh4 Qf6+ 41. Kh5 Qxe7 42. h4 Qf7+ 43. Rg6 Qf5+ 44. Rg5 hxg5 45. hxg5 Qe4 46. g4 Kf7 47. g6+ Qxg6+ 48. Kh4 a4 49. g5 a3 50. Kg4 a2 51. Kh4 a1=Q 0-1

[Event "November 21 Early 2023"]
[Site "https://www.chess.com"]
[Date "2023.11.21"]
[Round "1"]
[White "JuniorJumper"]
[Black "Pasmendjambvirgulptipon98"]
[Result "1-0"]
[Board "201"]
[TimeControl "180+1"]
[WhiteElo "2569"]
[BlackElo "2260"]
[WhiteClock "0:00:17"]
[BlackClock "0:00:00"]

1. d4 d5 2. Nf3 Nf6 3. Bf4 Bf5 4. e3 e6 5. Nbd2 Be7 6. Be2 Nh5 7. Be5 Nd7 8. O-O f6 9. Nh4 g6 10. Nxf5 exf5 11. Bf4 Nxf4 12. exf4 Bd6 13. g3 c6 14. Re1 Kf7 15. c3 Qc7 16. Qb3 h5 17. Bf3 Nb6 18. a4 a5 19. Re3 g5 20. fxg5 fxg5 21. Rae1 g4 22. Bg2 Rae8 23. Qc2 Qd7 24. f4 h4 25. Rxe8 Rxe8 26. Rxe8 Kxe8 27. Bf1 Qe6 28. Qd3 Nxa4 29. b3 Nb6 30. c4 Bb4 31. c5 Bxd2 32. Qxd2 Nd7 33. Kf2 Nf6 34. Bd3 h3 35. Qxa5 Ne4+ 36. Kf1 Nxg3+ 37. hxg3 h2 38. Kg2 Qe3 39. Qa8+ Ke7 40. Qxb7+ Kd8 41. Qb8+ Kd7 42. Qd6+ Kc8 43. Bxf5+ 1-0

[Event "November 21 Early 2023"]
[Site "https://www.chess.com"]
[Date "2023.11.21"]
[Round "1"]
[White "San Thit Lwin"]
[Black "Leyva Proenza, Richard"]
[Result "1/2-1/2"]
[Board "202"]
[TimeControl "180+1"]
[WhiteFideId "13001272"]
[BlackFideId "3500985"]
[WhiteElo "2232"]
[BlackElo "2322"]
[WhiteTeam "MYA"]
[BlackTeam "VEN"]
[WhiteClock "0:00:08"]
[BlackClock "0:00:07"]

1. Nf3 Nf6 2. c4 g6 3. Nc3 Bg7 4. e4 d6 5. d4 O-O 6. Be2 Bg4 7. O-O Nc6 8. Be3 Nd7 9. d5 Bxf3 10. Bxf3 Na5 11. Be2 Bxc3 12. bxc3 c5 13. Qa4 b6 14. f4 e6 15. dxe6 fxe6 16. Rad1 Qc7 17. e5 Rad8 18. Rxd6 Nb8 19. Rfd1 Rde8 20. Bg4 Qf7 21. g3 h5 22. Bh3 Nb7 23. R6d2 Qc7 24. Qc2 Kg7 25. Bg2 Na5 26. Qe4 Re7 27. h4 Qc8 28. Qa8 Nbc6 29. Qxc8 Rxc8 30. Bf1 Rcc7 31. Rd6 Kf7 32. Kf2 Nb7 33. R6d2 Ke8 34. Kf3 Nca5 35. Ke4 Rh7 36. Be2 Ke7 37. Rg1 Rd7 38. Rxd7+ Kxd7 39. Rd1+ Ke7 40. Bd3 Rh8 41. Kf3 Rg8 42. Be2 Nd8 43. g4 hxg4+ 44. Kxg4 Nf7 45. Rd2 Nh6+ 46. Kf3 Nf5 47. Bf2 Rh8 48. Kg4 Nc6 49. Kg5 Rg8 50. Bf1 Na5 51. Bg1 Rh8 52. Bf2 Rg8 53. Kg4 Nb7 54. Kg5 Nd8 55. a4 Nf7+ 56. Kg4 Rb8 57. Rb2 Rc8 58. a5 N7h6+ 59. Kf3 Rc6 60. axb6 axb6 61. Ra2 Kd7 62. Ra7+ Rc7 63. Rxc7+ Kxc7 64. Be2 Kb7 65. Bd3 Ka6 66. Bxf5 exf5 67. Be3 Kb7 68. Bd2 Kc6 69. Be1 Kd7 70. Bf2 Ke6 71. Be1 Nf7 72. Kg3 Nd8 73. h5 gxh5 74. Kh4 Nc6 75. Kxh5 Na5 76. Kg6 Nxc4 77. Kg5 Ne3 78. Bd2 Nc4 79. Be1 Nb2 80. Kh4 b5 81. Kg3 Nc4 82. Kf3 Nb6 83. Ke2 Nd5 84. Bd2 c4 85. Kd1 Kd7 86. Ke2 Kc6 87. Kd1 Kc5 88. Kc2 b4 89. cxb4+ Kd4 90. b5 c3 91. Be1 Kc4 92. b6 Nxb6 93. Bxc3 Nd5 94. Bd2 Kd4 95. Kd1 Kd3 96. Ke1 Ke4 97. Ke2 Nc7 98. Bc1 Ne6 99. Kd1 Kd5 100. Kc2 Ke4 101. Kc3 Kd5 102. Kb4 Ng7 103. Kb5 Ne6 104. Kb6 Nd4 105. Kc7 Ke6 106. Kd8 Ne2 107. Bd2 Nd4 108. Kc7 Nf3 109. Bc1 Nxe5 110. fxe5 Kxe5 111. Bd2 Ke4 112. Bc1 f4 113. Bxf4 1/2-1/2

[Event "November 21 Early 2023"]
[Site "https://www.chess.com"]
[Date "2023.11.21"]
[Round "1"]
[White "Derjabin, Ilja"]
[Black "Alhadad, Mahmoud"]
[Result "0-1"]
[Board "203"]
[TimeControl "180+1"]
[WhiteFideId "14104768"]
[BlackFideId "11501863"]
[WhiteElo "2309"]
[BlackElo "1955"]
[WhiteTeam "UKR"]
[BlackTeam "PLE"]
[WhiteClock "0:00:06"]
[BlackClock "0:00:05"]

1. d4 d5 2. c4 Nc6 3. Nf3 Bg4 4. cxd5 Bxf3 5. dxc6 Bxc6 6. Nc3 Nf6 7. Bg5 e6 8. e4 Be7 9. e5 Nd5 10. Bxe7 Qxe7 11. Be2 Nf4 12. Bf3 Nxg2+ 13. Kf1 Nh4 14. Bxc6+ bxc6 15. Qa4 O-O 16. Qxc6 Rab8 17. b3 Rfd8 18. Rd1 Nf5 19. Ne2 Qh4 20. Rg1 Nxd4 21. Nxd4 Rxd4 22. Rxd4 Qxd4 23. Rg3 Qxe5 24. Rd3 Qxh2 25. Qb7 Rf8 26. Qxa7 Qh1+ 27. Ke2 Qe4+ 28. Qe3 Qxe3+ 29. fxe3 Ra8 30. a4 h5 31. Rc3 Rb8 32. Kd3 h4 33. Kc4 g5 34. a5 h3 35. e4 g4 36. Kd4 f5 37. exf5 exf5 38. Ke5 Rf8 39. a6 h2 40. Rc1 g3 41. a7 g2 42. Ke6 g1=Q 43. Rxc7 Qe3+ 44. Kd7 Qd4+ 45. Kc6 Qc3+ 46. Kb7 Qxc7+ 47. Kxc7 h1=Q 48. b4 Qa8 49. b5 Rf7+ 0-1

[Event "November 21 Early 2023"]
[Site "https://www.chess.com"]
[Date "2023.11.21"]
[Round "1"]
[White "Skibbe, Willi"]
[Black "Santos Flores, Alberto"]
[Result "0-1"]
[Board "204"]
[TimeControl "180+1"]
[WhiteFideId "4682190"]
[BlackFideId "3601234"]
[WhiteElo "2246"]
[BlackElo "2235"]
[WhiteTeam "GER"]
[BlackTeam "ECU"]
[WhiteClock "0:00:39"]
[BlackClock "0:01:49"]

1. Nc3 d5 2. d4 Nf6 3. Bf4 e6 4. e3 Bd6 5. Bd3 Bxf4 6. exf4 O-O 7. Nce2 b6 8. Nf3 Ba6 9. O-O Bxd3 10. Qxd3 c5 11. c3 Nc6 12. Ng3 Rc8 13. Rfe1 g6 14. h4 h5 15. Nf1 Kg7 16. g3 cxd4 17. Nxd4 Nxd4 18. Qxd4 Qc7 19. a4 Qc5 20. Red1 Qxd4 21. Rxd4 Rc5 22. Ne3 Rfc8 23. f3 a5 24. Kf2 b5 25. axb5 Rxb5 26. Ra2 Rcb8 27. Nd1 Nd7 28. Rda4 Nc5 29. Rxa5 Rxa5 30. Rxa5 Nd3+ 31. Ke3 Nxb2 32. Nxb2 Rxb2 33. Ra1 Rg2 34. Rc1 Rxg3 35. Kf2 Rh3 36. Kg2 Rxh4 37. Kg3 g5 38. fxg5 Rc4 39. f4 d4 40. Kh4 Kg6 41. f5+ exf5 42. Ra1 dxc3+ 43. Kh3 c2 0-1